 Dungeon Crawl Stone Soup version 0.19.1-1-g22dce08 (webtiles) character file.

87 buddy the Ruffian (level 4, 44/44 HPs)
             Began as a Troll Berserker on Jan 20, 2017.
             Was a Believer of Trog.
             Starved to death
             ... on level 2 of the Dungeon on Jan 21, 2017.
             The game lasted 00:21:31 (2845 turns).

buddy the Ruffian (Troll Berserker)                 Turns: 2845, Time: 00:21:32

Health: 44/44      AC:  5    Str: 26    XL:     4   Next: 28%
Magic:  3/3        EV: 10    Int:  3    God:    Trog [**....]
Gold:   95         SH:  0    Dex:  9    Spells: 0 memorised, 3 levels left

rFire  . . .     SeeInvis .     u - staff of wizardry {penis}
rCold  . . .     Gourm    +     d - +0 robe (curse)
rNeg   . . .     Faith    .     (no shield)
rPois  .         Spirit   .     (helmet restricted)
rElec  .         Reflect  .     (no cloak)
rCorr  .         Harm     .     (gloves unavailable)
MR     .....                    (boots unavailable)
Stlth  +.........               (no amulet)
                                (no ring)
                                (no ring)

@: fainting
A: unfitting armour, claws 3, fast metabolism 3, gourmand, regeneration 1,
shaggy fur 1, tough skin 2
a: Berserk, Trog's Hand, Burn Spellbooks, Renounce Religion


You were on level 2 of the Dungeon.
You worshipped Trog.
Trog was pleased with you.
You were fainting.

You visited 1 branch of the dungeon, and saw 2 of its levels.

You collected 95 gold pieces.

Inventory:

Hand Weapons
 g - a +0 spear
 i - a +0 mace
 j - a +0 hunting sling
Armour
 a - a +0 animal skin
 d - a cursed +0 robe (worn)
 q - a +0 ring mail
Magical Staves
 u - an uncursed staff of wizardry (weapon) {penis}
Jewellery
 f - an uncursed ring of magical power {unknown}
 k - a +4 ring of intelligence {unknown}
Scrolls
 e - a scroll of teleportation {unknown}
 m - a scroll of amnesia {unknown}
 r - a scroll of enchant armour {unknown}
Potions
 h - 2 potions of mutation {unknown}
 l - a potion of curing {unknown}
 n - a potion of might {unknown}
 o - a potion of agility
 p - a potion of degeneration {unknown}
 t - a potion of heal wounds {unknown}


   Skills:
 + Level 2.9 Fighting
 - Level 2.8 Dodging
 * Level 4.4 Unarmed Combat


You had 3 spell levels left.
You didn't know any spells.

Dungeon Overview and Level Annotations

Branches:
Dungeon (2/15)

Altars:
Dithmenos


Innate Abilities, Weirdness & Mutations

You are too large for most types of armour.
You have claws for hands.
Your metabolism is lightning-fast.
You like to eat raw meat.
Your natural rate of healing is unusually fast.
You are covered in fur. (AC +1)
You have very tough skin. (AC +2)


Message History

There is a stone staircase leading down here.
You see here a club.
The frilled lizard barely misses you.
You see here a club.
Drop what? 19/52 slots (_ for help) (? for menu, Esc to quit)
You drop a meat ration.
You are fainting from starvation!
The frilled lizard barely misses you.
You miss the frilled lizard. Your claw misses the frilled lizard.
The frilled lizard hisses.
The frilled lizard bites you but does no damage.
You hit the frilled lizard.
You kill the frilled lizard!
Trog accepts your kill.
You see here a frilled lizard corpse.
You see here a club.
You see here a club.
There is a stone staircase leading down here.
You have starved to death.
You die...

#.# ##### ##.
##########.# #.
...........# #.
...........# ###########
##
...........###.........#
#
...........'.'.........#
#
...........###.........#
...........# #.........#
..........@# #.........#
############ #.........#
#.........# #.........#
#.........# #.........#
#.........# ##
######.#### #. #.# #.


There were no monsters in sight!

Vanquished Creatures
  Jessica (D:2)
  2 adders (D:2)
  A worm (D:2)
  A dart slug (D:1)
  2 leopard geckos (D:2)
  3 bats
  A giant cockroach (D:2)
  A goblin (D:2)
  9 hobgoblins
  5 kobolds
  7 frilled lizards
  7 rats
40 creatures vanquished.

Notes
Turn   | Place    | Note
-------+----------+-------------------------------------------
     0 | D:1      | buddy the Troll Berserker began the quest for the Orb.
     0 | D:1      | Reached XP level 1. HP: 22/22 MP: 0/0
   247 | D:1      | Reached XP level 2. HP: 29/29 MP: 1/1
   482 | D:1      | You fall through a shaft!
   548 | D:2      | Reached XP level 3. HP: 36/36 MP: 2/2
   742 | D:2      | Reached ** piety under Trog
   862 | D:2      | Reached skill level 4 in Unarmed Combat
  1106 | D:2      | Found a faded altar of an unknown god.
  1106 | D:2      | Found a shadowy altar of Dithmenos.
  1106 | D:2      | Noticed Jessica
  1109 | D:2      | Killed Jessica
  1109 | D:2      | Reached XP level 4. HP: 42/44 MP: 3/3
  1125 | D:2      | Found a faded altar of an unknown god.
  1132 | D:2      | Found a faded altar of an unknown god.
  1134 | D:2      | Found a faded altar of an unknown god.
  2314 | D:2      | Paralysed by fainting for 12 turns
  2341 | D:2      | Paralysed by fainting for 6 turns
  2845 | D:2      | Starved to death

Skill      XL: |  1  2  3 |
---------------+----------+-----
Unarmed Combat | 4 |  4.4
Fighting       | |  2.9
Dodging        | |  2.8

Action                   |  1- 3 |  4- 6 || total
-------------------------+-------+-------++-------
Melee: Unarmed           |    79 |       ||    79
       Punch             |     2 |       ||     2
       Staff             |       |    17 ||    17
Invok: Berserk           |     1 |       ||     1
  Use: Scroll            |     1 |       ||     1
       Potion            |       |     1 ||     1
  Eat: Chunk             |     6 |     1 ||     7
       Bread ration      |       |     2 ||     2
       Meat ration       |       |     1 ||     1
Armor: Animal skin       |    18 |       ||    18
       Robe              |    20 |     9 ||    29
Dodge: Dodged            |    54 |    15 ||    69
